 Dungeon Crawl Stone Soup version 0.22.0-75-g3901e79 (webtiles) character file.

34 Markonkel the Chopper (level 3, 0/31 HPs)
             Began as a Hill Orc Berserker on Sept 12, 2018.
             Was a Believer of Trog.
             Succumbed to a water moccasin's poison
             ... on level 2 of the Dungeon.
             The game lasted 00:04:09 (879 turns).

Markonkel the Chopper (Hill Orc Berserker)           Turns: 879, Time: 00:04:10

Health: 0/31       AC:  2    Str: 19    XL:     3   Next: 31%
Magic:  3/3        EV: 12    Int:  8    God:    Trog [**....]
Gold:   38         SH:  0    Dex: 10    Spells: 2/2 levels left

rFire    . . .     SeeInvis .   a - +0 hand axe
rCold    . . .     Gourm    .   (no shield)
rNeg     . . .     Faith    .   b - +0 animal skin
rPois    .         Spirit   .   (no helmet)
rElec    .         Reflect  .   (no cloak)
rCorr    .         Harm     .   (no gloves)
MR       .....                  (no boots)
Stlth    +.........             (no amulet)
HPRegen  0.10/turn              (no ring)
MPRegen  0.08/turn              (no ring)

@: lethally poisoned (0 -> -9)
A: no striking features
a: Berserk, Trog's Hand, Renounce Religion


You were on level 2 of the Dungeon.
You worshipped Trog.
Trog was pleased with you.
You were not hungry.

You visited 1 branch of the dungeon, and saw 2 of its levels.

You collected 38 gold pieces.

Inventory:

Hand Weapons
 a - a +0 hand axe (weapon)
Missiles
 Q - 20 stones (quivered)
Armour
 b - a +0 animal skin (worn)
Jewellery
 m - an uncursed ring of protection from cold {unknown}
Scrolls
 d - a scroll of fog {unknown}
 f - 2 scrolls of enchant armour {unknown}
 h - a scroll of random uselessness {unknown}
 i - a scroll of identify {unknown}
 l - a scroll of teleportation {unknown}
 n - a scroll of magic mapping {unknown}
Potions
 c - a potion of mutation {unknown}
 g - a potion of magic {unknown}
 j - a potion of haste {unknown}
 o - a potion of might {unknown}
 p - 3 potions of curing {unknown}
Comestibles
 e - 4 rations
 k - 2 chunks of flesh


   Skills:
 - Level 3.6 Fighting
 + Level 4.9 Axes
 + Level 3.2 Armour
 - Level 1.5 Dodging


You had 2 spell levels left.
You didn't know any spells.
Your spell library was empty.

Dungeon Overview and Level Annotations

Branches:
Dungeon (2/15)

Altars:
Okawaru


Message History

You take 11 damage, and have 4/31 hp.
MASSIVE DAMAGE!!
Here: a water moccasin The floor.
* * * LOW HITPOINT WARNING * * *
You feel sick.
You take 1 damage, and have 3/31 hp.
The water moccasin closely misses you.
* * * LOW HITPOINT WARNING * * *
You feel sick.
You take 1 damage, and have 2/31 hp.
* * * LOW HITPOINT WARNING * * *
You feel sick.
The water moccasin completely misses you.
You take 1 damage, and have 1/31 hp.
* * * LOW HITPOINT WARNING * * *
You feel sick.
Things that are here:
a club; a hobgoblin skeleton You die...

########..# #...#
#.#...# ##8# #..###..##
#.....#
8...8##....รท...#
#.#.>.#
.....##..###...#
#.#.<## ....)_#..#
#.#.# #.#..#
.....###.###...###....#
8...8###<#...#.#....#.#
##8## ##...#.#......#.#
#######......)@.....#.#
........####S####...#.#
######### #..# #..##.#
##.## #..##.# #..#
#..##.# #.## #.###.#
#.# .# ..# !...


You could see a water moccasin.

Vault maps used:
D:1:      lightli_arrival_noodles
D:2:      grunt_temple_overflow_gold_and_silver, nicolae_overflow_hidden_temple,
          marbit_many_paths, lemuel_doored_altar, grunt_temple_overflow_diamond,
          first_ration, minmay_misc_feat_x, feat_on_display, uniq_terence

Notes
Turn   | Place    | Note
-------+----------+-------------------------------------------
     0 | D:1      | Markonkel the Hill Orc Berserker began the quest for the
                  | Orb.
     0 | D:1      | Reached XP level 1. HP: 19/19 MP: 1/1
   190 | D:1      | Reached XP level 2. HP: 23/26 MP: 2/2
   302 | D:1      | Reached skill level 3 in Armour
   308 | D:1      | Reached XP level 3. HP: 31/31 MP: 3/3
   700 | D:2      | Found an iron altar of Okawaru.
   740 | D:2      | Reached ** piety under Trog
   775 | D:2      | Noticed a water moccasin
   873 | D:2      | HP: 4/31 [water moccasin (9)]
   877 | D:2      | HP: 1/31 [poisoned by a water moccasin]
   879 | D:2      | Succumbed to a water moccasin's poison

Table legend:
 A = Turns spent in this place as a percentage of turns spent in the entire game.
 B = Non-inter-level travel turns spent in this place as a percentage of non-inter-level travel turns spent in the entire game.
 C = Inter-level travel turns spent in this place as a percentage of turns spent in this place.
 D = Turns resting spent in this place as a percentage of non-inter-level travel turns spent in this place.
 E = Turns spent auto-exploring this place as a percentage of non-inter-level travel turns spent in this place.
 F = Non-inter-level travel turns spent in this place divided by the number of levels of this place that you've seen.
                   A       B       C       D       E      F
               +-------+-------+-------+-------+-------+----------------------
         Total | 100.0 | 100.0 |   3.9 |  17.2 |  61.5 | 422.5
       Dungeon | 100.0 | 100.0 |   3.9 |  17.2 |  61.5 | 422.5
               +-------+-------+-------+-------+-------+----------------------

Table legend:
 A = Kills in this place as a percentage of kills in entire the game.
 B = Kills by you in this place as a percentage of kills by you in the entire game.
 C = Kills by friends in this place as a percentage of kills by friends in the entire game.
 D = Other kills in this place as a percentage of other kills in the entire game.
 E = Experience gained in this place as a percentage of experience gained in the entire game.
 F = Experience gained in this place divided by the number of levels of this place that you have seen.
                   A       B       C       D       E      F
               +-------+-------+-------+-------+-------+----------------------
         Total | 100.0 | 100.0 |   N/A |   N/A | 100.0 |  24.5
       Dungeon | 100.0 | 100.0 |   N/A |   N/A | 100.0 |  24.5
               +-------+-------+-------+-------+-------+----------------------

Skill      XL: |  1  2 |
---------------+-------+-----
Armour         | 3 |  3.2
Fighting       | |  3.6
Axes           | |  4.9
Dodging        | |  1.5

Action                   || total
-------------------------++-------
Melee: Hand axe          ||    64
Invok: Berserk           ||     2
  Eat: Chunk             ||     2
Armor: Animal skin       ||    10
Dodge: Dodged            ||    56

Vanquished Creatures
  A gnoll (D:1)
  A worm (D:2)
  A ball python (D:1)
  A giant cockroach (D:1)
  2 goblins (D:1)
  2 hobgoblins
  4 bats
  2 frilled lizards (D:1)
  3 kobolds (D:1)
  5 rats
22 creatures vanquished.
